AoeStats
← Nemecek

Arena

508323783Analyzed
2v2 RM · 10d ago on Sep 21, 2026· 78m 21s· 4 players
Game mode
Random Map
Map size
Medium (4 player)
Population
200
Speed
Normal
Resources
Standard
Victory
Conquest
Starting age
Dark Age
Ending age
Imperial Age
RankedLock teamsTeams togetherTeam positionsShared explorationLock speedFull tech treeHidden civsTurbo modeCheats
Victory
Defeat
🇨🇱 Ethiopians · Chile
1270
+17
🇨🇱 Magyars · Chile
1217
+19
🇺🇸 Burgundians · United States
1291
-18
🇺🇸 Spanish · United States
1288
-18
MAST3R D3STROY3R
5:30 Double-Bit Axe
11:53 Feudal Age
15:57 Castle Age
14:17 Bow Saw
14:16 Gold Mining
14:15 Horse Collar
15:55 Gold Shaft Mining
17:04 Scale Barding Armor
22:51 Chain Barding Armor
63:04 Squires
62:50 Arson
63:17 Pikeman
65:14 Scale Mail Armor
65:25 Forging
67:59 Chain Mail Armor
68:20 Iron Casting
73:02 Caravan
78:28 Wheelbarrow
78:57 Two-Man Saw
Ray
10:20 Feudal Age
13:56 Castle Age
11:56 Horse Collar
12:42 Double-Bit Axe
16:05 Loom
18:20 Wheelbarrow
17:32 Loom
20:16 Stone Mining
21:55 Bow Saw
22:13 Gold Mining
24:21 Sanctity
24:07 Heavy Plow
25:41 Bloodlines
28:49 Scale Barding Armor
28:56 Bloodlines
28:47 Husbandry
29:27 Forging
29:56 Chain Barding Armor
31:01 Town Watch
31:33 Hand Cart
36:05 Imperial Age
33:36 Town Patrol
34:51 Iron Casting
34:07 Fletching
34:18 Padded Archer Armor
34:18 Scale Mail Armor
35:31 Man-at-Arms
35:56 Gambesons
36:12 Squires
35:57 Arson
35:48 Pikeman
36:25 Cavalier
37:41 Plate Barding Armor
38:07 Blast Furnace
36:36 Halberdier
38:03 Paladin
40:15 Chain Mail Armor
39:56 Bodkin Arrow
40:16 Leather Archer Armor
41:49 Plate Mail Armor
42:08 Long Swordsman
42:54 Two-Handed Swordsman
43:17 Capped Ram
44:29 Champion
51:44 Hoardings
51:30 Conscription
52:20 Bracer
52:50 Ring Archer Armor
54:16 Elite Skirmisher
56:50 Ballistics
57:31 Chemistry
57:43 Masonry
57:28 Murder Holes
57:43 Fortified Wall
57:24 Guard Tower
57:19 Arrowslits
59:42 Coinage
59:23 Guilds
59:13 Caravan
60:17 Siege Ram
60:49 Light Cavalry
61:41 Hussar
64:11 Stone Shaft Mining
64:38 Two-Man Saw
63:09 Siege Ram
65:51 Bombard Tower
66:02 Architecture
66:54 Keep
Nemecek
9:56 Feudal Age
13:42 Castle Age
12:02 Double-Bit Axe
14:11 Loom
14:41 Bow Saw
14:32 Scale Mail Armor
23:37 Wheelbarrow
23:31 Town Watch
34:27 Imperial Age
32:22 Forging
32:54 Squires
33:10 Chain Mail Armor
34:43 Iron Casting
35:04 Halberdier
36:33 Conscription
39:16 Plate Mail Armor
38:38 Horse Collar
39:59 Heavy Plow
40:14 Arson
41:30 Blast Furnace
40:22 Fletching
40:32 Padded Archer Armor
40:36 Capped Ram
43:06 Bodkin Arrow
44:14 Chemistry
43:34 Ballistics
43:05 Crossbowman
45:09 Two-Man Saw
46:26 Bracer
46:41 Leather Archer Armor
45:48 Arbalester
46:34 Thumb Ring
46:36 Siege Ram
50:48 Ring Archer Armor
50:29 Masonry
52:57 Hand Cart
52:49 Scale Barding Armor
53:46 Gold Mining
57:18 Chain Barding Armor
59:28 Elite Shotel Warrior
61:09 Elite Skirmisher
65:08 Heavy Scorpion
73:26 Caravan
73:57 Coinage
75:01 Siege Engineers
thrud
11:12 Feudal Age
16:17 Castle Age
15:32 Double-Bit Axe
18:11 Wheelbarrow
20:38 Bow Saw
22:11 Husbandry
24:00 Loom
24:31 Hand Cart
26:43 Scale Barding Armor
28:05 Chain Barding Armor
34:31 Imperial Age
32:27 Gold Mining
34:59 Cavalier
35:46 Town Watch
36:40 Plate Barding Armor
36:18 Bloodlines
37:56 Gold Shaft Mining
37:33 Paladin
40:20 Town Patrol
41:47 Chemistry
54:56 Light Cavalry
59:52 Pikeman
60:06 Capped Ram
Connection lost

Rejoining the realm…

Still unreachable

The connection could not be restored.

Session expired

The server has moved on; the page needs a fresh start.